 Dungeon Crawl Stone Soup version 0.30.1-9-gdf580d7c3d (webtiles) character file.

Game seed: 1202581421017546297

568 Atelerd the Digger (level 7, -4/41 HPs)
             Began as an Octopode Earth Elementalist on Sept 24, 2023.
             Slain by Sigmund
             ... wielding a +0 heavy scythe
              (13 damage)
             ... on level 4 of the Dungeon.
             The game lasted 00:07:05 (3962 turns).

Atelerd the Digger (Octopode Earth Elementalist)    Turns: 3962, Time: 00:07:06

Health: -4/41      AC:  1    Str:  7    XL:     7   Next: 33%
Magic:  8/12       EV: 13    Int: 17    God:
Gold:   235        SH:  0    Dex: 15    Spells: 6/13 levels left

rFire   . . .        c - +0 short sword
rCold   + . .        (no shield)
rNeg    + . .        (helmet restricted)
rPois   .            (no amulet)
rElec   .            b - ring of protection from cold
rCorr   .            j - ring of willpower
SInv    .            i - ring of positive energy
Will    +....        (no ring)
Stlth   ++++         (no ring)
HPRegen 0.26/turn    (no ring)
MPRegen 0.13/turn    (no ring)
                     (no ring)

%: no passive effects
@: no status effects
A: almost no armour, amphibious, 8 rings, camouflage 1, gelatinous body 1,
(nimble swimmer 1), tentacles
a: no special abilities


You were on level 4 of the Dungeon.
You visited 1 branch of the dungeon, and saw 5 of its levels.

You collected 235 gold pieces.

Inventory:

Hand Weapons
 c - a +0 short sword (weapon)
Missiles
 m - 3 atropa-tipped darts
Jewellery
 b - a ring of protection from cold (left tentacle)
 i - a ring of positive energy (on tentacle)
 j - a ring of willpower (right tentacle)
 q - the amulet "Tawusag" {RegenMP rF+ rN+ MP-9}
   (You found it on level 3 of the Dungeon)

   [amulet of magic regeneration]

   It increases your rate of magic regeneration.
   rF:        It protects you from fire.
   rN:        It protects you from negative energy.
   MP:        It affects your magic capacity (-9).
 t - an amulet of faith
Wands
 n - a wand of charming (5)
 w - a wand of iceblast (15)
Scrolls
 d - 2 scrolls of teleportation {unknown}
 h - 4 scrolls of identify {unknown}
 k - a scroll of enchant armour {unknown}
 l - a scroll of amnesia {unknown}
 r - a scroll of torment {unknown}
 u - a scroll of fog {unknown}
Potions
 a - a potion of magic
 e - 2 potions of degeneration {unknown}
 f - 2 potions of might {unknown}
 g - 2 potions of curing {unknown}
 o - a potion of attraction {unknown}
 p - a potion of berserk rage {unknown}
 s - 3 potions of haste {unknown}
 v - a potion of cancellation {unknown}


   Skills:
 - Level 2.0 Dodging
 - Level 5.0 Stealth
 + Level 3.9 Spellcasting
 - Level 3.0 Transmutations
 * Level 5.9 Earth Magic


You had 6 spell levels left.
You knew the following spells:

 Your Spells              Type           Power      Damage    Failure   Level
a - Sandblast             Erth           46%        2d11      1%          1
c - Blink                 Tloc           6%         N/A       24%         2
p - Petrify               Tmut/Erth      18%        N/A       26%         4

Your spell library contained the following spells:

 Spells                   Type           Power      Damage    Failure   Level
 Passwall                 Tmut/Erth      15%        N/A       3%          2
 Stone Arrow              Conj/Erth      26%        3d8       14%         3
 Freeze                   Ice            12%        1d3       16%         1
 Lesser Beckoning         Tloc           6%         N/A       24%         2
 Momentum Strike          Conj/Tloc      6%         3d8       24%         2
 Frozen Ramparts          Ice            6%         1d1       43%         3
 Hailstorm                Conj/Ice       3%         3d3       43%         3
 Summon Forest            Summ/Tloc      1%         N/A       99%         5
 Summon Mana Viper        Hex/Summ       3%         N/A       99%         5
 Summon Cactus Giant      Summ           1%         N/A       100%        6


Dungeon Overview and Level Annotations

Branches:
Dungeon (5/15)
 Temple: D:4-7

Altars:
Makhleb
Xom

Shops:
D:5 =(

Annotations:
D:4 Sigmund


Innate Abilities, Weirdness & Mutations

You cannot wear most types of armour.
You are amphibious.
You can wear up to eight rings at the same time.
Your skin changes colour to match your surroundings (Stealth+).
Your rubbery body absorbs attacks. (AC +1, EV +1)
((You are camouflaged when in or above water. (Stealth+)))
You have tentacles for arms and can constrict up to eight enemies at once.


Message History

A ball python is nearby!
The ball python hisses angrily.
A hobgoblin comes into view.
The blast of sand misses the ball python.
The blast of sand hits the ball python!
You kill the ball python!
The blast of sand misses the hobgoblin.
The blast of sand hits the hobgoblin!
You kill the hobgoblin!
Found 6 stones.
An iguana and a kobold come into view.
There are monsters nearby!
The iguana hisses angrily.
The kobold shouts!
The blast of sand hits the iguana!
The iguana is heavily wounded.
The blast of sand hits the iguana.
The iguana is severely wounded.
The iguana bites you!
The blast of sand hits the iguana but does no damage.
The iguana is severely wounded.
The iguana barely misses you.
The blast of sand misses the iguana.
The iguana bites you!
Sigmund gestures wildly while chanting.
Sigmund flickers and vanishes!
Deactivating autopickup; reactivate with Ctrl-A.
The kobold barely misses you. The iguana bites you.
Unknown command.
You are too injured to fight recklessly!
Unknown command.
Casting: Sandblast (safe; 1% risk of failure)
Confirm with . or Enter, or press ? or * to list all spells.
Aiming: Sandblast (safe; 1% risk of failure)
Press: ? - help, Shift-Dir - straight line, f/p - iguana
Aim: an iguana (severely wounded, 85% to hit)
The blast of sand hits the iguana.
The iguana is severely wounded.
The kobold closely misses you. The iguana bites you!
* * * LOW HITPOINT WARNING * * *
Something hits you!
You die...

# ...# ###...... # ...
.......§ # #.. ###.....§ # ..#
#...... # .. #.#.##. # #.
#.#.##.
.###.#.###########.#.##§
......Kl.............##.
.......@.....##.##..###.
.#####....#####.##..# #.
#..#.#~..#.##..# #.
#..#.#~..#.....# ##
(.....#~.~#.##..#
.......#####.##.†#
###8#.######.##<.#
##########.#......##..#
########.................##..#


You could see an iguana and a kobold.

Vanquished Creatures
  2 ogres (D:5)
  A scorpion (D:4)
  2 jellies
  5 adders
  A shadow imp (D:5)
  2 white imps
  2 ufetubi
  2 worms
  A dart slug (D:3)
  An orc (D:5)
  9 ball pythons
  6 endoplasms
  6 giant cockroaches
  6 goblins
  4 hobgoblins
  8 quokkas
  5 bats
  3 frilled lizards
  4 kobolds
  3 rats
73 creatures vanquished.

Vanquished Creatures (collateral kills)
  An ogre (D:5)
  A wight (D:5)
2 creatures vanquished.

Vanquished Creatures (others)
  An ogre (D:5)
  A wight (D:5)
2 creatures vanquished.

Grand Total: 77 creatures vanquished

Notes
Turn   | Place    | Note
-------+----------+-------------------------------------------
     0 | D:1      | Atelerd the Octopode Earth Elementalist began the quest for
                  | the Orb.
     0 | D:1      | Reached XP level 1. HP: 11/11 MP: 3/3
    95 | D:1      | Reached XP level 2. HP: 17/17 MP: 1/5
   532 | D:1      | Reached XP level 3. HP: 19/21 MP: 1/6
  1156 | D:2      | Reached XP level 4. HP: 27/27 MP: 4/7
  2009 | D:3      | Identified the amulet "Tawusag" {RegenMP rF+ rN+ MP-9}
  2060 | D:3      | Found a shimmering altar of Xom.
  2511 | D:4      | Reached XP level 5. HP: 31/31 MP: 4/9
  2560 | D:4      | Found a burning altar of Makhleb.
  2718 | D:4      | Noticed Sigmund
  2822 | D:4      | Identified the +0 chain mail of the Realm of Zot {rPois
                  | rC+}
  3048 | D:5      | Entered Level 5 of the Dungeon
  3196 | D:5      | Learned a level 2 spell: Blink
  3201 | D:5      | Learned a level 4 spell: Petrify
  3242 | D:5      | Found Opnufir's Jewellery Shoppe.
  3254 | D:5      | Reached XP level 6. HP: 36/36 MP: 8/10
  3285 | D:5      | Found Lasunges's Weapon Shop.
  3479 | D:5      | Reached skill level 5 in Earth Magic
  3669 | D:5      | Reached skill level 5 in Stealth
  3669 | D:5      | Reached XP level 7. HP: 41/41 MP: 7/12
  3738 | D:5      | Found the +6 shillelagh "Devastator" {shatter}
  3962 | D:4      | Slain by Sigmund

Illustrated notes

Levels and vault maps discovered:
D:1:      amcnicky_arrival_feature_with_door, layout_rooms
D:2:      cheibrodos_old_hovel, layout_loops_ring, minmay_split_cup_small
D:3:      layout_basic, mainiacjoe_overflow_six_doors_small
D:4:      layout_loops_ring, mainiacjoe_overflow_brackets,
          minmay_temple_entry_fiery, serial_aquarium, aquarium_bridge_square
          [aquarium_subvault_bridge, aquarium_subvault_bridge,
          aquarium_subvault_wall, aquarium_subvault_bridge],
          aquarium_window_fake, aquarium_window_3, aquarium_view_2c,
          aquarium_view_2b, chequers_hall_statues_corner_a, uniq_sigmund
D:5:      layout_basic, serial_shops, shop, nicolae_shop_tiny_glass,
          nicolae_shop_overgrown_old_shop, nicolae_shop_stone, shop,
          amethyst_killhole, dilly_guarded_unrand_devastator,
          uniq_crazy_yiuf_cottage, uniq_eustachio

Skill      XL: |  1  2  3  4  5  6 |
---------------+-------------------+-----
Transmutations | 2 3 |  3.0
Stealth        | 3 4 5 |  5.0
Earth Magic    | 4 5 |  5.9
Spellcasting   | 3 |  3.9
Dodging        | |  2.0

Action                     |  1- 3 |  4- 6 |  7- 9 || total
---------------------------+-------+-------+-------++-------
  Melee: Unarmed           |     7 |       |       ||     7
         Constrict         |     8 |     6 |       ||    14
         Tentacles         |     3 |     6 |       ||     9
         Short sword       |     9 |    11 |       ||    20
   Cast: Sandblast         |    48 |    50 |    13 ||   111
         Petrify           |       |     1 |     1 ||     2
  Evoke: Wand              |       |     1 |     2 ||     3
   Stab: Sleeping          |     3 |       |       ||     3
 Armour: Skin              |     1 |     1 |       ||     2
  Dodge: Dodged            |    20 |    31 |     6 ||    57
